 Dungeon Crawl Stone Soup version 0.20.1-1-g8b1a95d (webtiles) character file.

188 vomix the Chopper (level 5, -5/45 HPs)
             Began as a Minotaur Berserker on Aug 26, 2017.
             Was a Believer of Trog.
             Slain by Grinder (6 damage)
             ... on level 3 of the Dungeon.
             The game lasted 00:02:42 (2127 turns).

vomix the Chopper (Minotaur Berserker)              Turns: 2127, Time: 00:02:43

Health: -5/45      AC: 12    Str: 22    XL:     5   Next: 39%
Magic:  4/4        EV:  7    Int:  4    God:    Trog [**....]
Gold:   80         SH:  0    Dex: 10    Spells: 4/4 levels left

rFire    . . .     SeeInvis .   a - +0 hand axe
rCold    . . .     Gourm    .   (no shield)
rNeg     . . .     Faith    .   l - +0 plate armour
rPois    .         Spirit   .   (helmet restricted)
rElec    .         Reflect  .   p - +0 cloak
rCorr    .         Harm     .   (no gloves)
MR       .....                  (no boots)
Stlth    ..........             (no amulet)
Regen    0.2/turn               (no ring)
MPRegen  0.1/turn               (no ring)

@: berserk cooldown, slowed, very slow
A: retaliatory headbutt, horns 2
a: Berserk, Trog's Hand, Burn Spellbooks, Renounce Religion


You were on level 3 of the Dungeon.
You worshipped Trog.
Trog was pleased with you.
You were very hungry.

You visited 1 branch of the dungeon, and saw 3 of its levels.

You collected 80 gold pieces.

Inventory:

Hand Weapons
 a - a +0 hand axe (weapon)
Armour
 l - a +0 plate armour (worn)
 p - a +0 cloak (worn)
Wands
 m - a wand of scattershot (0/9)
Scrolls
 e - 3 scrolls of immolation {unknown}
 g - 5 scrolls of identify {unknown}
 h - a scroll of enchant armour {unknown}
 i - a scroll of teleportation {unknown}
 j - 4 scrolls of recharging {unknown}
 k - a scroll of fear {unknown}
 n - a scroll of remove curse {unknown}
Comestibles
 b - a meat ration
 c - 2 bread rations
 f - a royal jelly


   Skills:
 - Level 3.6 Fighting
 + Level 7.4 Axes
 - Level 2.4 Armour
 - Level 2.1 Dodging


You had 4 spell levels left.
You didn't know any spells.

Dungeon Overview and Level Annotations

Branches:
Dungeon (3/15)

Altars:
Vehumet

Annotations:
D:3 Grinder


Innate Abilities, Weirdness & Mutations

You reflexively headbutt those who attack you in melee.
You have a pair of horns on your head.


Message History

You writhe in agony.
* * * LOW HITPOINT WARNING * * *
An adder comes into view.
Evoke which item? (* to show all) (? for menu, Esc to quit)
Aiming: Scattershot (will waste charges)
Press: ? - help, Shift-Dir - straight line, f/p - Grinder
Aim: Grinder (severely wounded, unusually resistant)
The burst of metal fragments hits Grinder. x2
Grinder is almost dead.
The adder hisses angrily.
Evoking this partially-identified wand wasted a few charges.
The adder moves out of view.
Grinder hits you but does no damage.
Evoke which item? (* to show all) (? for menu, Esc to quit)
Aiming: Scattershot (will waste charges)
Press: ? - help, Shift-Dir - straight line, f/p - Grinder
Aim: Grinder (almost dead, unusually resistant) Nothing appears to happen.
Grinder hits you.
* * * LOW HITPOINT WARNING * * *
You writhe in agony.
You die...

.# .. .# .... #.#
... ..##
#.######...
#.....!..###.#
#%....†)......
#....)@..###.
#....)5.......
####..<.....###..
#............#
..####.†.....S..
#.#####..... #.
.#.#. #. ..... #.
..##


You could see Grinder and an adder.

Vanquished Creatures
  An ice beast (D:3)
  Crazy Yiuf (D:2)
  Robin (D:3)
  An adder (D:2)
  A dart slug (D:1)
  5 giant cockroaches
  8 goblins
  7 hobgoblins
  7 jackals (D:1)
  5 kobolds
  4 bats
  2 frilled lizards
  7 rats
50 creatures vanquished.

Notes
Turn   | Place    | Note
-------+----------+-------------------------------------------
     0 | D:1      | vomix the Minotaur Berserker began the quest for the Orb.
     0 | D:1      | Reached XP level 1. HP: 19/19 MP: 0/0
   346 | D:1      | Reached skill level 4 in Axes
   364 | D:1      | Reached XP level 2. HP: 2/26 MP: 1/1
  1084 | D:1      | Reached skill level 5 in Axes
  1543 | D:2      | Reached XP level 3. HP: 31/31 MP: 2/2
  1729 | D:2      | Found a radiant altar of Vehumet.
  1997 | D:2      | Found a runed door.
  2002 | D:2      | Noticed Crazy Yiuf
  2007 | D:2      | Killed Crazy Yiuf
  2007 | D:2      | Reached skill level 6 in Axes
  2007 | D:2      | Reached XP level 4. HP: 39/39 MP: 3/3
  2106 | D:3      | Noticed Grinder
  2106 | D:3      | Noticed Robin
  2106 | D:3      | Noticed an ice beast
  2110 | D:3      | Reached ** piety under Trog
  2115 | D:3      | Killed an ice beast
  2115 | D:3      | Reached skill level 7 in Axes
  2115 | D:3      | Reached XP level 5. HP: 45/45 MP: 4/4
  2119 | D:3      | Killed Robin
  2127 | D:3      | HP: 1/45 [Grinder (3)]
  2127 | D:3      | Slain by Grinder

Skill      XL: |  1  2  3  4 |
---------------+-------------+-----
Axes           | 4 5 6 7 |  7.4
Fighting       | |  3.6
Armour         | |  2.4
Dodging        | |  2.1

Action                   |  1- 3 |  4- 6 || total
-------------------------+-------+-------++-------
Melee: Hand axe          |    76 |    12 ||    88
       Headbutt          |    13 |     4 ||    17
Invok: Berserk           |     2 |     1 ||     3
Evoke: Wand              |       |     2 ||     2
  Use: Potion            |       |     1 ||     1
 Stab: Sleeping          |     1 |       ||     1
  Eat: Chunk             |     4 |     2 ||     6
Armor: Animal skin       |    16 |       ||    16
       Plate armour      |    11 |    15 ||    26
Dodge: Dodged            |    30 |    10 ||    40
